 Dungeon Crawl Stone Soup version 0.26.1-10-gdfb7c7de75 (webtiles) character file.

Game seed: 689216828016731995

364670 manyhoops the Wrestler (level 21, 0/370 HPs)
             Began as a Palentonga Transmuter on Apr 4, 2021.
             Was a Believer of Uskayaw.
             Killed by the air
             ... invoked by a titan
              (33 damage)
             ... on level 5 of the Vaults.
             The game lasted 02:06:25 (68010 turns).

manyhoops the Wrestler (Palentonga Transmuter)     Turns: 68010, Time: 02:06:25

Health: 0/370      AC: 39    Str: 19    XL:     21   Next: 56%
Magic:  30/35      EV: 14    Int: 14    God:    Uskayaw [**....]
Gold:   4172       SH: 29    Dex: 13    Spells: 16/40 levels left

rFire    + + +     SeeInvis +     - Unarmed
rCold    . . .     Faith    .   q - +4 tower shield of Daffodils {rN+}
rNeg     + + .     Spirit   .   (armour currently unavailable)
rPois    ∞         Reflect  +   g - +2 helmet of Turchim {rPois rF+++ Int-3 Dex-5}
rElec    +         Harm     .   c - +2 cloak
rCorr    .         Rampage  .   (gloves currently unavailable)
Will     ++...                  (no barding)
Stlth    ..........             n - amulet of reflection
HPRegen  0.00/turn              P - ring of wizardry
MPRegen  0.24/turn              C - ring "Wifijev" {+Fly Will+ Dex+4}

@: berserking, statue-form, curled up
A: large, claws 2, fangs 1, hooves 1, rugged brown scales 3, see invisible,
agile 1, deformed body, inhibited regeneration, roll 1, armoured tail, reflexive
curl
}: 2/15 runes: barnacled, gossamer
a: Rolling Charge, End Transformation, Renounce Religion, Evoke Flight, Stomp,
Line Pass


You were on level 5 of the Vaults.
You worshipped Uskayaw.
Uskayaw was aware of your devotion.
You were a stone statue.
You visited 8 branches of the dungeon, and saw 38 of its levels.
You also visited: Bailey and Ice Cave.

You collected 7149 gold pieces.
You spent 2977 gold pieces at shops.

Inventory:

Missiles
 m - 11 throwing nets
Armour
 c - a +2 cloak (worn)
 g - the +2 helmet of Turchim (worn) {rPois rF+++ Int-3 Dex-5}
   (You found it on level 4 of the Lair of Beasts)

   It affects your intelligence (-3).
   It affects your dexterity (-5).
   It renders you almost immune to fire.
   It protects you from poison.
 q - the +4 tower shield of Daffodils (worn) {rN+}
   (You found it on level 4 of the Lair of Beasts)

   It protects you from negative energy.
 A - a +2 leather armour of cold resistance (melded)
 E - a +2 barding of stealth (melded)
 I - the +3 pair of gloves "Fastrer" (melded) {Str+3 Int+4}
   (You found it in an ice cave)

   It affects your strength (+3).
   It affects your intelligence (+4).
 T - +0 ice dragon scales
Jewellery
 b - an uncursed ring of protection from fire
 d - an uncursed ring of fire
 h - an uncursed ring of poison resistance
 n - an amulet of reflection (around neck)
 y - an uncursed amulet of the acrobat
 C - the ring "Wifijev" (right claw) {+Fly Will+ Dex+4}
   (You bought it in a shop on level 2 of the Orcish Mines)

   [ring of flight]

   It affects your dexterity (+4).
   It affects your willpower, your defense against some magical effects.
   It lets you fly.
 P - a ring of wizardry (left claw)
 R - an uncursed ring of protection from cold
 Z - an uncursed ring of protection from cold
Wands
 K - a wand of iceblast (11)
 L - a wand of disintegration (7)
 N - a wand of acid (22)
 U - a wand of flame (83)
 W - a wand of paralysis (21)
 X - a wand of digging (6)
Scrolls
 a - 7 scrolls of immolation
 e - 2 scrolls of silence
 j - 10 scrolls of teleportation
 s - 3 scrolls of vulnerability
 u - 4 scrolls of amnesia
 v - 6 scrolls of enchant armour
 w - 2 scrolls of brand weapon
 z - 3 scrolls of fear
 D - 10 scrolls of identify
 F - 7 scrolls of magic mapping
 G - 13 scrolls of remove curse
 J - 10 scrolls of fog
 M - 6 scrolls of summoning
 Q - 2 scrolls of enchant weapon
Potions
 f - 4 potions of ambrosia
 i - 3 potions of resistance
 k - 8 potions of curing
 o - 10 potions of attraction
 t - 7 potions of haste
 x - 4 potions of flight
 B - 7 potions of brilliance
 H - 3 potions of magic
 O - 4 potions of might
 S - 3 potions of berserk rage
 V - 2 potions of invisibility
 Y - 6 potions of cancellation
Miscellaneous
 r - a phial of floods


   Skills:
 * Level 13.3 Fighting
 - Level 2.9 Armour
 - Level 8.0 Dodging
 - Level 15.5 Shields
 + Level 21.9 Unarmed Combat
 - Level 10.0 Spellcasting
 - Level 12.7 Transmutations
 - Level 10.9 Earth Magic
 - Level 8.8 Invocations


You had 16 spell levels left.
You knew the following spells:

 Your Spells              Type           Power        Failure   Level
a - Beastly Appendage     Tmut           84%          1%          1
b - Wereblood             Tmut           42%          1%          2
c - Passwall              Tmut/Erth      33%          1%          2
d - Ice Form              Ice/Tmut       24%          3%          4
e - Statue Form           Tmut/Erth      26%          5%          6
f - Blade Hands           Tmut           21%          1%          5
g - Petrify               Tmut/Erth      40%          1%          4

Your spell library contained the following spells:

 Spells                   Type           Power        Failure   Level
 Sandblast                Erth           74%          1%          1
 Sting                    Tmut/Pois      96%          1%          1
 Spider Form              Tmut/Pois      12%          1%          3
 Stone Arrow              Conj/Erth      44%          1%          3
 Lee's Rapid Deconstruct  Erth           18%          1%          5
 Ignite Poison            Fire/Tmut/Pois 18%          2%          3
 Hydra Form               Tmut           21%          3%          6
 Animate Skeleton         Necr           14%          4%          1
 Foxfire                  Conj/Fire      28%          4%          1
 Magic Dart               Conj           28%          4%          1
 Pain                     Necr           28%          4%          1
 Summon Small Mammal      Summ           28%          4%          1
 Leda's Liquefaction      Hex/Erth       11%          4%          4
 Blink                    Tloc           N/A          6%          2
 Call Imp                 Summ           7%           6%          2
 Ensorcelled Hibernation  Hex/Ice        14%          6%          2
 Poisonous Vapours        Pois/Air       14%          6%          2
 Searing Ray              Conj           14%          6%          2
 Irradiate                Conj/Tmut      12%          9%          5
 Yara's Violent Unravell  Hex/Tmut       12%          9%          5
 Call Canine Familiar     Summ           7%           12%         3
 Conjure Flame            Conj/Fire      7%           12%         3
 Dazzling Flash           Conj/Hex       14%          12%         3
 Gell's Gravitas          Tloc           3%           12%         3
 Inner Flame              Hex/Fire       7%           12%         3
 Lesser Beckoning         Tloc           3%           12%         3
 Mephitic Cloud           Conj/Pois/Air  7%           12%         3
 Portal Projectile        Hex/Tloc       14%          12%         3
 Summon Guardian Golem    Hex/Summ       7%           12%         3
 Teleport Other           Tloc           7%           12%         3
 Vampiric Draining        Necr           3%           12%         3
 Borgnjor's Vile Clutch   Necr/Erth      11%          12%         5
 Dragon Form              Tmut           21%          19%         7
 Bolt of Magma            Conj/Fire/Erth 8%           26%         5
 Animate Dead             Necr           3%           38%         4
 Cause Fear               Hex            3%           38%         4
 Fulminant Prism          Conj/Hex       3%           38%         4
 Iskenderun's Mystic Bla  Conj/Tloc      7%           38%         4
 Olgreb's Toxic Radiance  Pois           7%           38%         4
 Passage of Golubria      Tloc           N/A          38%         4
 Sticky Flame             Conj/Fire      7%           38%         4
 Summon Ice Beast         Ice/Summ       7%           38%         4
 Summon Lightning Spire   Summ/Air       7%           38%         4
 Iron Shot                Conj/Erth      11%          52%         6
 Agony                    Necr           7%           71%         5
 Fireball                 Conj/Fire      3%           71%         5
 Silence                  Hex/Air        3%           71%         5
 Dispersal                Tloc           3%           99%         6
 Shadow Creatures         Summ           N/A          99%         6
 Haunt                    Necr/Summ      3%           100%        7
 Borgnjor's Revivificati  Necr           3%           100%        8
 Discord                  Hex            3%           100%        8
 Disjunction              Tloc           3%           100%        8
 Infestation              Necr           3%           100%        8
 Necromutation            Tmut/Necr      12%          100%        8
 Death's Door             Necr           3%           100%        9
 Shatter                  Erth           18%          100%        9


Dungeon Overview and Level Annotations

Branches:
Dungeon (15/15)            Temple (1/1) D:4            Lair (6/6) D:11
 Shoals (4/4) Lair:3       Spider (4/4) Lair:3        Slime (1/5) Lair:5
    Orc (2/2) D:12            Elf (0/3) Orc:2        Vaults (5/5) D:13
  Crypt (0/3) Vaults:3     Depths (0/5) D:15         Bailey (visited)
  IceCv (visited)

Altars:
Ashenzari
Cheibriados
Dithmenos
Elyvilon
Fedhas
Gozag
Hepliaklqana
Kikubaaqudgha
Makhleb
Nemelex Xobeh
Okawaru
Qazlal
Ru
Sif Muna
Trog
Uskayaw
Vehumet
Wu Jian
Xom
Yredelemnul
Zin
The Shining One

Shops:
D:8 ?   D:10 :   Orc:2 !==*   Shoals:2 [   Shoals:3 *   Shoals:4 ((
Vaults:4 ([*(

Portals:
Trove: Vaults:4 (give +5 demon whip)

Annotations:
D:9 3 runed translucent doors, dohliylev's ghost, novice MiBe
Lair:2 exclusion: 3 oklob plants
Lair:3 2 transporters, Qumpes's ghost, journeyman GnWn


Innate Abilities, Weirdness & Mutations

(You are completely covered in rugged brown scales. (AC +3, +7% HP))
You have supernaturally acute eyesight. (SInv)
Armour fits poorly on your strangely shaped body.
You can roll at nearby foes to attack.
You have a long armoured tail.
You curl defensively after being hit.
You have very sharp fingernails.
You have very sharp teeth.
You have large cloven feet.
You are agile. (Dex +2)
You do not regenerate when monsters are visible.


Message History

The titan points at you and mumbles some strange words.
The bolt of lightning hits you! You resist.
* * * LOW HITPOINT WARNING * * *
The iron dragon breathes metal splinters at you.
The spray of metal splinters hits you!
* * * LOW HITPOINT WARNING * * *
You can now pass through a line of other dancers.
Found 94 gold pieces, 17 arrows and a smouldering ring mail.
A red film seems to cover your vision as you go berserk!
You feel yourself moving faster!
You feel mighty!
The titan waves its arms in wide circles.
The air twists around and strikes you!!
* * * LOW HITPOINT WARNING * * *
The iron dragon bites you but does no damage.
You block the iron dragon's attack. x2
You eviscerate the titan!!! Your kick misses the titan. You bite the titan!
The titan is severely wounded.
The titan waves its arms in wide circles.
The air twists around and strikes you!!
You die...

*************************
,,,,,,,,,,,,,,,,,,,,,,,,*
,,,,,,,,,,,,,,,,,,,,,,,,*
********************,,,,*
***** #####+,,,,,,*
,,,,*** ###....###,*,,*
,,,,,,** ##(.......#+*,,*
,,,,,,,* #$....CD...#*,,*
,,,,,,,* #......8...#*,,*
,,,,,,,**#..........#*,,*
,,,,,,,,*...........#*,,*
,,,,,,,,+.........[##*,,*
,,,,,,'**#+.....$### *,,*
***,,,*,,,#...#### *,,*
**'**,,,##+#* *,,*
***,,,*,,,*,,,**** *,,*
,,,,,,'***+,,,,,,*** *,,*


You could see an iron dragon (catching breath) and a titan.

Vanquished Creatures
  Mennas (Vaults:4)
  Xtahua (Vaults:3)
  Jory (Vaults:4)
  Arachne (Spider:3)
  A lich (Vaults:3)
  A tentacled monstrosity (Vaults:5)
  2 titans (Vaults:5)
  4 sphinxes
  A kraken (Shoals:3)
  Gastronok (D:11)
  A shadow dragon (Vaults:4)
  2 storm dragons
  A tengu reaver (Vaults:4)
  2 fire giants
  Ilsuiw (Shoals:3)
  The ghost of raph the Earth Mage, an adept DEEE of Kikubaaqudgha (Spider:1)
  6 emperor scorpions (Spider:4)
  A frost giant (Shoals:4)
  16 vault wardens
  4 ghost moths
  Louise (D:14)
  16 ironheart preservers
  A very ugly thing (Vaults:5)
  10 stone giants
  4 deep elf demonologists
  3 entropy weavers
  Snorg (D:11)
  4 merfolk impalers
  An eidolon (Vaults:3)
  6 merfolk javelineers
  5 ettins
  A deep elf death mage (Vaults:4)
  Josephine (D:11)
  4 fire dragons
  6 yaktaur captains
  5 great orbs of eyes
  Fannar (D:11)
  A rakshasa (Vaults:3)
  18 boulder beetles
  Erolcha (D:12)
  A deep elf high priest (Vaults:5)
  28 vault guards
  3 ice dragons
  11 hydras
  11 centaur warriors
  2 catoblepae
  3 death yaks (D:11)
  Erica (D:11)
  8 merfolk aquamancers
  An alligator snapping turtle (Shoals:4)
  3 tengu warriors
  4 death knights
  A merfolk avatar (Shoals:3)
  32 two-headed ogres
  11 ogre magi
  A satyr (Shoals:2)
  2 deep troll earth magi (Vaults:4)
  3 deep troll shamans
  2 vampire magi (Vaults:3)
  5 orc high priests (Orc:2)
  A deep elf knight (Vaults:4)
  A storm dragon zombie (Vaults:4)
  A skeletal warrior (D:13)
  4 unseen horrors
  18 deep trolls
  A glowing orange brain (Vaults:4)
  A flayed ghost (Vaults:1)
  6 deep elf archers
  A swamp dragon (Lair:6)
  A tengu zombie (Vaults:5)
  A harpy (shapeshifter) (Vaults:2)
  13 sea snakes
  22 harpies
  10 ironbrand convokers
  4 necromancers
  15 orc knights
  A phantasmal warrior (Vaults:4)
  A wizard (Vaults:2)
  23 ugly things
  8 deep elf magi
  3 orc sorcerers
  21 orb spiders
  4 fauns
  6 manticores
  30 wolf spiders
  A fire giant zombie (Vaults:4)
  A sphinx skeleton (Vaults:4)
  8 cyclopes
  A moth of wrath (Spider:4)
  10 black mambas
  6 elephants (Lair:3)
  A guardian serpent (Lair:6)
  A water nymph (Shoals:1)
  7 merfolk sirens
  2 ice statues (IceCv)
  19 cane toads
  3 torpor snails
  21 vault sentinels
  A gargoyle (D:11)
  3 centaur skeletons
  9 rime drakes
  2 kobold demonologists
  2 yaktaur zombies (Vaults:4)
  15 yaktaurs
  7 freezing wraiths
  6 ice devils (IceCv)
  14 komodo dragons
  16 demonic crawlers
  3 efreet
  An elf skeleton (Vaults:5)
  A jumping spider (shapeshifter) (Vaults:1)
  38 jumping spiders
  8 polar bears
  2 tengu conjurers (D:15)
  3 meliai
  6 trolls
  31 merfolk
  10 hornets
  8 wind drakes
  An ettin zombie (Vaults:5)
  19 dream sheep
  A dream sheep (shapeshifter) (Vaults:4)
  12 blink frogs
  2 meliai zombies (D:12)
  6 snapping turtles
  13 slime creatures
  A spriggan (Lair:3)
  67 redbacks
  5 wraiths
  14 wyverns
  56 yaks
  A fire bat (Lair:4)
  A spriggan (shapeshifter) (Vaults:2)
  7 water elementals
  40 tarantellas
  2 fire elementals (Lair:4)
  7 basilisks
  11 vampire mosquitoes
  5 steam dragons
  Edmund (D:4)
  6 wargs
  A soldier ant (D:14)
  4 acid dragons
  A hell hound (Lair:4)
  A soldier ant (shapeshifter) (Vaults:1)
  18 water moccasins
  An eye of draining (D:13)
  4 ice beasts
  2 black bears
  54 orc warriors
  3 swamp drakes (Lair:6)
  A necrophage (D:13)
  41 ogres
  3 sky beasts
  2 black bears (shapeshifter)
  26 wolves
  7 boggarts (Vaults:3)
  19 centaurs
  6 big kobolds
  21 bullfrogs
  A water moccasin zombie (D:7)
  4 wyvern skeletons
  2 scorpions
  14 killer bees
  21 wights
  7 electric eels
  7 howler monkeys
  6 centaur zombies
  3 bullfrog zombies
  A quasit (D:5)
  5 draconian simulacra (IceCv)
  2 human simulacra (Vaults:1)
  4 jellies
  20 orc wizards
  3 bullfrog skeletons
  34 orc priests
  8 hounds
  A gnoll shaman (D:8)
  6 iguanas
  Natasha (thrice) (D:3)
  6 hell rats (Lair:3)
  13 worker ants
  3 troll simulacra (IceCv)
  A hound skeleton (D:6)
  A mummy (D:12)
  A worker ant zombie (D:10)
  11 gnolls
  7 adders
  An ogre simulacrum (IceCv)
  A naga simulacrum (IceCv)
  A river rat (D:11)
  2 shadow imps
  2 white imps
  An ufetubus (D:7)
  3 oozes
  An adder zombie (D:5)
  3 adder skeletons
  4 worms
  4 dart slugs
  8 leopard geckos
  100 orcs
  8 bats
  4 giant cockroaches
  15 hobgoblins
  15 jackals
  6 quokkas
  2 frilled lizards
  10 goblins
  20 kobolds
  13 rats
  5 tentacles (Shoals:3)
1653 creatures vanquished.

Vanquished Creatures (others)
  Sonja (Orc:2)
  A wolf spider (Spider:2)
  A merfolk (Shoals:3)
  A redback (Spider:2)
  A tarantella (Spider:3)
  A golden eye (shapeshifter) (Vaults:1)
  An orc warrior (Vaults:4)
  An electric eel (Spider:2)
  48 fungi
  154 plants
  10 tentacles (Shoals:3)
220 creatures vanquished.

Grand Total: 1873 creatures vanquished

Notes
Turn   | Place    | Note
-------+----------+-------------------------------------------
     0 | D:1      | manyhoops the Palentonga Transmuter began the quest for the
                  | Orb.
     0 | D:1      | Reached XP level 1. HP: 17/17 MP: 3/3
   207 | D:1      | Reached XP level 2. HP: 22/24 MP: 3/5
   550 | D:1      | Learned a level 2 spell: Wereblood
  1356 | D:1      | Reached XP level 3. HP: 29/31 MP: 6/6
  1386 | D:1      | Reached skill level 4 in Unarmed Combat
  2180 | D:2      | Found a blossoming altar of Fedhas.
  2181 | D:2      | Found a snail-covered altar of Cheibriados.
  2181 | D:2      | Found a radiant altar of Vehumet.
  2181 | D:2      | Found a glowing golden altar of the Shining One.
  2183 | D:2      | Found a stormy altar of Qazlal.
  2186 | D:2      | Found a glowing silver altar of Zin.
  2630 | D:2      | Reached XP level 4. HP: 38/38 MP: 7/7
  3478 | D:3      | Gained mutation: Your magical capacity is low. (-10% MP)
                  | [potion of mutation]
  3478 | D:3      | Gained mutation: You have a pair of small horns on your
                  | head. [potion of mutation]
  3479 | D:3      | Lost mutation: Your magical capacity is low. (-10% MP)
                  | [potion of mutation]
  3479 | D:3      | Lost mutation: You have a pair of small horns on your head.
                  | [potion of mutation]
  3479 | D:3      | Gained mutation: Your body sometimes deteriorates upon
                  | taking damage. [potion of mutation]
  3479 | D:3      | Gained mutation: Your system is resistant to poisons.
                  | (rPois) [potion of mutation]
  3479 | D:3      | Gained mutation: You have a pair of small antennae on your
                  | head. [potion of mutation]
  3946 | D:3      | Reached XP level 5. HP: 21/48 MP: 4/8
  3947 | D:3      | Noticed Natasha
  4446 | D:3      | Killed Natasha
  4561 | D:3      | Noticed Natasha
  4570 | D:3      | Killed Natasha
  4769 | D:3      | Noticed Natasha
  4783 | D:3      | Killed Natasha
  5047 | D:4      | Found a staircase to the Ecumenical Temple.
  5050 | D:4      | Noticed a centaur
  5062 | D:4      | HP: 2/49 [centaur (5)]
  5065 | D:4      | Killed a centaur
  5066 | D:4      | Reached XP level 6. HP: 5/58 MP: 9/9
  5077 | D:4      | Reached skill level 5 in Fighting
  5374 | Temple   | Entered the Ecumenical Temple
  5549 | D:4      | Got an ichor-stained chain mail
  5707 | D:4      | Lost mutation: Your body sometimes deteriorates upon taking
                  | damage. [potion of mutation]
  5707 | D:4      | Lost mutation: Your system is resistant to poisons. (rPois)
                  | [potion of mutation]
  5707 | D:4      | Lost mutation: You have a pair of small antennae on your
                  | head. [potion of mutation]
  5707 | D:4      | Gained mutation: You are clumsy. (Dex -2) [potion of
                  | mutation]
  5707 | D:4      | Gained mutation: You evolve. [potion of mutation]
  6104 | D:4      | Noticed Edmund
  6113 | D:4      | Killed Edmund
  6272 | D:4      | Identified the cursed +0 chain mail "Komick" {*Drain rElec
                  | rCorr Stlth+} (You found it on level 4 of the Dungeon)
  6452 | D:4      | Lost mutation: You are clumsy. (Dex -2) [evolution]
  6452 | D:4      | Lost mutation: You evolve. [end of evolution]
  6466 | D:5      | Entered Level 5 of the Dungeon
  6798 | D:5      | Gained mutation: You curl defensively after being hit.
                  | [Palentonga growth]
  6798 | D:5      | Reached XP level 7. HP: 42/58 MP: 10/10
  8033 | D:6      | Reached skill level 5 in Unarmed Combat
  8040 | D:6      | Gained mutation: You have sharp fingernails. [potion of
                  | mutation]
  8040 | D:6      | Gained mutation: You can roll at foes to attack. [potion of
                  | mutation]
  8040 | D:6      | Gained mutation: Your spells are a little harder to cast,
                  | but a little more powerful. [potion of mutation]
  8072 | D:6      | Noticed a troll
  8393 | D:7      | Reached skill level 6 in Unarmed Combat
  8551 | D:7      | Reached XP level 8. HP: 74/78 MP: 11/11
  8597 | D:7      | Reached skill level 7 in Unarmed Combat
  9222 | D:6      | Reached skill level 8 in Unarmed Combat
  9452 | D:6      | Reached skill level 5 in Transmutations
 10099 | D:8      | Reached XP level 9. HP: 84/84 MP: 8/12
 10174 | D:8      | Found Bieth's Magic Scroll Emporium.
 10296 | D:8      | Bought a scroll of teleportation for 42 gold pieces
 10296 | D:8      | Bought a scroll of teleportation for 42 gold pieces
 10296 | D:8      | Bought a scroll of teleportation for 42 gold pieces
 10296 | D:8      | Bought a scroll of remove curse for 42 gold pieces
 10296 | D:8      | Bought a scroll of identify for 28 gold pieces
 10296 | D:8      | Bought a scroll of magic mapping for 49 gold pieces
 12361 | D:9      | Found a runed translucent gate.
 12361 | D:9      | Found a runed translucent gate.
 12361 | D:9      | Found a runed translucent gate.
 12384 | D:9      | Noticed dohliylev's ghost (novice MiBe)
 12420 | D:9      | Found a hide-covered altar of Uskayaw.
 12420 | D:9      | Found a shimmering blue altar of Sif Muna.
 12425 | D:9      | Became a worshipper of Uskayaw the Reveller
 12428 | D:9      | Reached * piety under Uskayaw
 12430 | D:9      | Noticed a gargoyle
 12431 | D:9      | Reached ** piety under Uskayaw
 12434 | D:9      | Reached *** piety under Uskayaw
 12447 | D:10     | Entered Level 10 of the Dungeon
 12642 | D:10     | Learned a level 5 spell: Blade Hands
 12647 | D:10     | Learned a level 4 spell: Ice Form
 12792 | D:10     | Reached skill level 10 in Transmutations
 12900 | D:10     | Reached XP level 10. HP: 76/92 MP: 7/14
 13261 | D:10     | Reached **** piety under Uskayaw
 13335 | D:10     | Reached skill level 5 in Spellcasting
 14073 | D:10     | Found Lusoh's Book Emporium.
 14758 | D:11     | Noticed a cyan ugly thing
 14764 | D:11     | Killed a cyan ugly thing
 15124 | D:11     | Noticed Fannar
 15132 | D:11     | Killed Fannar
 15453 | D:11     | Noticed Snorg
 15549 | D:11     | Noticed a death yak
 15551 | D:11     | Noticed a death yak
 15551 | D:11     | Noticed a brown ugly thing
 15558 | D:11     | Noticed a death yak
 15565 | D:11     | Killed a death yak
 15566 | D:11     | Reached XP level 11. HP: 60/98 MP: 17/23
 15571 | D:11     | Killed a death yak
 15573 | D:11     | Reached ***** piety under Uskayaw
 15576 | D:11     | Killed a brown ugly thing
 15582 | D:11     | Reached ****** piety under Uskayaw
 15583 | D:11     | Killed a death yak
 15587 | D:11     | Reached skill level 10 in Spellcasting
 15597 | D:11     | Reached skill level 1 in Invocations
 15912 | D:11     | Found a staircase to the Lair.
 15939 | D:11     | Noticed Gastronok
 15950 | D:11     | Killed Gastronok
 15951 | D:11     | Reached skill level 5 in Invocations
 16223 | D:11     | Killed Snorg
 16805 | D:11     | Noticed Erica
 16815 | D:11     | Killed Erica
 17212 | D:12     | Found a staircase to the Orcish Mines.
 18168 | D:12     | Reached skill level 1 in Armour
 18319 | Lair:1   | Entered Level 1 of the Lair of Beasts
 18351 | D:12     | Noticed Josephine
 18357 | D:11     | Learned a level 2 spell: Passwall
 18363 | D:11     | Learned a level 4 spell: Petrify
 18396 | D:11     | Killed Josephine
 18738 | D:12     | Noticed a white ugly thing
 18745 | D:11     | HP: 2/96 [vampire mosquito (9)]
 19131 | D:12     | Reached XP level 12. HP: 99/107 MP: 26/26
 19236 | Lair:1   | Noticed a six-headed hydra
 19236 | Lair:1   | Noticed a six-headed hydra
 19255 | D:12     | Noticed Erolcha
 20013 | D:12     | Killed Erolcha
 20014 | D:12     | Reached skill level 9 in Unarmed Combat
 21214 | D:12     | Noticed a boulder beetle
 21498 | D:12     | Reached skill level 10 in Unarmed Combat
 21821 | D:12     | Killed a boulder beetle
 22484 | D:13     | Reached skill level 11 in Unarmed Combat
 23034 | D:13     | Noticed a boulder beetle
 23040 | D:13     | Killed a boulder beetle
 23041 | D:13     | Reached XP level 13. HP: 61/115 MP: 27/27
 23045 | D:13     | Reached skill level 12 in Unarmed Combat
 24392 | D:10     | Got a translucent ring mail
 24403 | D:10     | Identified the +1 ring mail of Beogh's Benevolence {Int-2
                  | Dex+4} (You found it on level 10 of the Dungeon)
 24578 | D:13     | Found a gate to the Vaults.
 24587 | D:13     | Reached skill level 13 in Unarmed Combat
 25670 | D:14     | Noticed Louise
 25707 | D:14     | Killed Louise
 25875 | D:14     | Found a hide-covered altar of Uskayaw.
 26267 | D:14     | Reached skill level 14 in Unarmed Combat
 26668 | D:14     | Found a blossoming altar of Fedhas.
 26793 | D:15     | Entered Level 15 of the Dungeon
 26828 | D:15     | Found a staircase to the Depths.
 26828 | D:15     | Noticed a fire giant
 27006 | D:15     | Reached skill level 5 in Dodging
 27007 | D:15     | Noticed a fire dragon
 27009 | D:15     | Killed a fire dragon
 27040 | D:15     | Reached XP level 14. HP: 40/126 MP: 28/28
 27519 | D:10     | Bought a book of Transfigurations for 550 gold pieces
 27528 | D:10     | Learned a level 6 spell: Statue Form
 27830 | D:14     | Reached skill level 1 in Shields
 28745 | D:15     | Lost mutation: Your spells are a little harder to cast, but
                  | a little more powerful. [potion of mutation]
 28745 | D:15     | Lost mutation: You can roll at foes to attack. [potion of
                  | mutation]
 28745 | D:15     | Gained mutation: You have very sharp fingernails. [potion
                  | of mutation]
 28745 | D:15     | Gained mutation: Your tail ends in a poisonous barb.
                  | [potion of mutation]
 28745 | D:15     | Gained mutation: You are agile. (Dex +2) [potion of
                  | mutation]
 28745 | D:15     | Gained mutation: You have sharp toenails. [potion of
                  | mutation]
 28815 | D:15     | Killed a fire giant
 29489 | D:11     | Reached skill level 1 in Earth Magic
 30506 | Lair:1   | Found a hazy altar of Hepliaklqana.
 31073 | Lair:2   | Reached skill level 5 in Earth Magic
 32163 | Lair:3   | Found a hole to the Spider Nest.
 32171 | Lair:3   | Paralysed by a hornet for 1 turns
 33234 | Lair:3   | Found a transporter.
 33237 | Lair:3   | Identified the +9 spear of Etzausm {flame, rPois}
 33509 | Lair:3   | Found a staircase to the Shoals.
 33561 | Lair:3   | Found a transporter.
 33592 | Lair:3   | Noticed Qumpes's ghost (journeyman GnWn)
 33593 | Lair:3   | Identified the +4 trident "Beastslayer" {antimagic, +Inv
                  | rN+ Will+ Dex+3}
 33595 | Lair:3   | Found a bloodstained altar of Trog.
 33943 | Lair:4   | Reached XP level 15. HP: 132/132 MP: 29/29
 34975 | Lair:4   | Found a transporter.
 35098 | Lair:4   | Found a transporter.
 35722 | Lair:4   | Identified the +2 helmet of Turchim {rPois rF+++ Int-3
                  | Dex-5} (You found it on level 4 of the Lair of Beasts)
 36170 | Lair:5   | Found a staircase to the Slime Pits.
 37199 | Lair:5   | Reached skill level 10 in Earth Magic
 37692 | Slime:1  | Entered Level 1 of the Pits of Slime
 37717 | Lair:6   | Entered Level 6 of the Lair of Beasts
 37742 | Lair:6   | Found a frozen archway.
 37750 | IceCv    | Entered an ice cave
 38735 | IceCv    | Got a pair of encrusted gloves
 38748 | IceCv    | Identified the +3 pair of gloves "Fastrer" {Str+3 Int+4}
                  | (You found it in an ice cave)
 39189 | Lair:6   | Identified a scroll of acquirement
 39189 | Lair:6   | Acquired 887 gold pieces
 39385 | Lair:6   | Identified the amulet "Mebleps" {RegenMP MP+9 Stlth+} (You
                  | found it on level 6 of the Lair of Beasts)
 39521 | Lair:6   | Found an ancient bone altar of Kikubaaqudgha.
 40326 | Lair:6   | Identified the cursed +1 robe "Sazo Ahaus" {*Drain rC- rN++
                  | rCorr} (You found it on level 6 of the Lair of Beasts)
 40497 | Orc:1    | Entered Level 1 of the Orcish Mines
 40671 | Orc:1    | Found a flagged portal.
 40895 | Bailey   | Entered a bailey
 41774 | Orc:2    | Entered Level 2 of the Orcish Mines
 41842 | Orc:2    | Gained mutation: You do not regenerate when monsters are
                  | visible. [mutagenic glow]
 41969 | Orc:2    | Found a staircase to the Elven Halls.
 42010 | Orc:2    | Reached XP level 16. HP: 141/141 MP: 24/30
 42530 | Orc:2    | Noticed Sonja
 42535 | Orc:2    | Killed Sonja
 43374 | Orc:2    | Reached skill level 15 in Unarmed Combat
 43674 | Orc:2    | Found Saifyoq's Assorted Antiques.
 43677 | Orc:2    | Found Sawae's Jewellery Emporium.
 43680 | Orc:2    | Found Enunorcha's Jewellery Shoppe.
 43681 | Orc:2    | Found Denkohac's Distillery.
 43684 | Orc:2    | Bought a potion of curing for 39 gold pieces
 43684 | Orc:2    | Bought 2 potions of might for 104 gold pieces
 43684 | Orc:2    | Bought a potion of might for 52 gold pieces
 43684 | Orc:2    | Bought a potion of ambrosia for 104 gold pieces
 43684 | Orc:2    | Bought a potion of haste for 130 gold pieces
 43684 | Orc:2    | Bought a potion of curing for 39 gold pieces
 43688 | Orc:2    | Bought a potion of heal wounds for 145 gold pieces
 43688 | Orc:2    | Bought a scroll of enchant armour for 217 gold pieces
 43689 | Orc:2    | Bought the ring "Wifijev" {+Fly Will+ Dex+4} for 654 gold
                  | pieces
 43877 | Spider:1 | Entered Level 1 of the Spider Nest
 43903 | Lair:4   | Identified the +4 tower shield of Daffodils {rN+} (You
                  | found it on level 4 of the Lair of Beasts)
 44452 | Spider:1 | Reached skill level 5 in Shields
 44778 | Spider:1 | Found a runed translucent door.
 44779 | Spider:1 | Noticed raph's ghost (adept DEEE)
 45044 | Spider:1 | Killed raph's ghost
 48197 | Spider:4 | Entered Level 4 of the Spider Nest
 48208 | Spider:4 | Reached XP level 17. HP: 146/146 MP: 23/31
 48496 | Spider:4 | Noticed Arachne
 48803 | Spider:3 | Killed Arachne
 48804 | Spider:3 | Reached skill level 10 in Shields
 50698 | Spider:4 | Got a gossamer rune of Zot
 50993 | Shoals:1 | Entered Level 1 of the Shoals
 52348 | Shoals:2 | Found Mooxtari's Antique Armour Shoppe.
 53023 | Shoals:3 | Noticed Ilsuiw
 53041 | Shoals:3 | Noticed a kraken
 54018 | Shoals:2 | Lost mutation: Your tail ends in a poisonous barb. [potion
                  | of mutation]
 54018 | Shoals:2 | Lost mutation: You have sharp toenails. [potion of
                  | mutation]
 54018 | Shoals:2 | Gained mutation: You have large cloven feet. [potion of
                  | mutation]
 54018 | Shoals:2 | Gained mutation: You have very sharp teeth. [potion of
                  | mutation]
 54669 | Shoals:2 | Reached XP level 18. HP: 119/155 MP: 19/32
 55091 | Shoals:3 | Killed Ilsuiw
 55284 | Shoals:3 | Found Liasyi's General Store.
 55288 | Shoals:3 | Bought a potion of berserk rage for 90 gold pieces
 55288 | Shoals:3 | Bought a scroll of teleportation for 54 gold pieces
 55288 | Shoals:3 | Bought a scroll of teleportation for 54 gold pieces
 56122 | Shoals:4 | Entered Level 4 of the Shoals
 56442 | Shoals:4 | Found Buopp's Antique Weapon Boutique.
 56781 | Shoals:4 | Found Fatym's Weapon Boutique.
 57063 | Shoals:4 | Got a barnacled rune of Zot
 57427 | Shoals:4 | Reached skill level 15 in Shields
 57937 | Spider:1 | Identified the cursed +1 ring mail of the Maze {Str+4 Dex+4
                  | SInv} (You found it on level 1 of the Spider Nest)
 58074 | Vaults:1 | Entered Level 1 of the Vaults
 59498 | Vaults:1 | Reached skill level 10 in Fighting
 59498 | Vaults:1 | Reached XP level 19. HP: 164/164 MP: 29/33
 59528 | Vaults:1 | Reached skill level 16 in Unarmed Combat
 59635 | Vaults:1 | Acquired a +1 barding of stealth
 61256 | Vaults:2 | Reached skill level 17 in Unarmed Combat
 62273 | Vaults:3 | Reached skill level 18 in Unarmed Combat
 62460 | Vaults:3 | Noticed Xtahua
 62472 | Vaults:3 | Killed Xtahua
 62695 | Vaults:3 | Paralysed by an ogre mage for 3 turns
 63016 | Vaults:3 | Found a staircase to the Crypt.
 63141 | Vaults:3 | Reached XP level 20. HP: 177/177 MP: 23/34
 63158 | Vaults:3 | Paralysed by a great orb of eyes for 6 turns
 63195 | Vaults:3 | Paralysed by an ogre mage for 2 turns
 63246 | Vaults:3 | Reached skill level 19 in Unarmed Combat
 64431 | Vaults:4 | Found Gozag's Antique Weapon Shop.
 64439 | Vaults:4 | Found Gozag's Assorted Antiques.
 64441 | Vaults:4 | Found an opulent altar of Gozag.
 64503 | Vaults:4 | Noticed Jory
 64510 | Vaults:4 | Reached skill level 20 in Unarmed Combat
 64514 | Vaults:4 | Killed Jory
 64754 | Vaults:4 | Found Gozag's Antique Armour Shop.
 64762 | Vaults:4 | Bought a faintly glowing granite ring for 500 gold pieces
 64762 | Vaults:4 | Identified the ring of Zuop {Will+ Int+2} (You bought it in
                  | a shop on level 4 of the Vaults)
 64769 | Vaults:4 | Found an opulent altar of Gozag.
 65734 | Vaults:4 | Found Futwan's Antique Weapon Shop.
 65851 | Vaults:4 | Found a portal to a secret trove of treasure.
 66121 | Vaults:5 | Entered Level 5 of the Vaults
 66128 | Vaults:5 | Reached skill level 21 in Unarmed Combat
 66128 | Vaults:5 | Reached XP level 21. HP: 170/188 MP: 24/35
 66365 | Vaults:5 | Noticed Mennas
 66825 | Vaults:4 | Killed Mennas
 67958 | Vaults:5 | Identified the +11 falchion "Zurog" {freeze, Int+4}
 67958 | Vaults:5 | Identified the +6 plate armour of the Fiend {Will+}
 68010 | Vaults:5 | Killed from afar by a titan

Illustrated notes

Levels and vault maps discovered:
D:1:      nzn_arrival_crosshair, layout_loops_cross
D:2:      minmay_angry_zag, layout_loops_corners, minitemple,
          guppyfry_early_lair_pool
D:3:      layout_loops_cross, uniq_natasha
D:4:      layout_cave_pods, temple_fountains, uniq_edmund
D:5:      layout_basic
D:6:      layout_layer_cave, serial_shops, kennysheep_little_box
D:7:      layout_rooms
D:8:      kennysheep_housing_project, layout_gridville, serial_shops, shop
D:9:      layout_gridville, grunt_temple_overflow_open,
          ebering_ghost_rock_garden, hangedman_decor_slide_cut,
          roderic_roman_lattice
D:10:     minmay_razor_zed, layout_loops_corners, serial_shops,
          kennysheep_mini_moat
D:11:     layout_basic, dpeg_lair_monsters, uniq_gastronok, uniq_fannar,
          uniq_erica, uniq_snorg
D:12:     layout_cave_pools, david_orc_2, serial_undead, serial_undead_a,
          serial_undead_f, serial_undead_d, serial_undead_f, uniq_josephine,
          uniq_erolcha
D:13:     minmay_inner_zag, layout_loops_corners,
          hangedman_vaults_entry_quadrant_bands
D:14:     layout_roguey, basic_altar, fedhas_altar_1, uniq_louise
D:15:     grunt_enter_depths_giant_problem, layout_loops_ring,
          minmay_misc_feat_four_crosses
Temple:   eino_temple_lava
Lair:1:   layout_roguey, basic_altar, st_stairs_11, pond
Lair:2:   layout_long_grid, minmay_lair_oklob_chamber
Lair:3:   layout_roguey, minmay_shoals_entry_lonely_mermaid, dummy_spider_entry,
          gammafunk_ghost_wrathful_warriors, forest_entry_grove,
          grunt_megastairs_5
Lair:4:   gammafunk_cloud_chamber, layout_layer_cave, cheibrodos_lair_lostbears,
          grunt_megastairs_2
Lair:5:   layout_regular_city, nicolae_slime_entry_slimehenge, serial_bayou,
          serial_bayou_lake_a, serial_bayou_shore_b, serial_bayou_lagoon_b,
          serial_bayou_shore_b, serial_bayou_pond_b, small_statue_intersection,
          minivault_23, chequers_serial_rivers_micro_b,
          chequers_serial_rivers_micro_b, minmay_stone_trees_small, st_stairs_11
Lair:6:   guppyfry_lair_end_dragon, layout_misc_corridors,
          hangedman_lair_tendril_chambers, portal_ice_cave_rime, basic_altar,
          st_stairs_3
Shoals:1: layout_shoals
Shoals:2: layout_shoals, serial_shops, nicolae_shop_statue_plus
Shoals:3: layout_shoals, serial_shops, nicolae_shop_behind_doors,
          st_sunken_huts, uniq_ilsuiw
Shoals:4: shoals_end_grunt_ice, layout_shoals, serial_shops, shop, shop
Spider:1: layout_spider_delve, gammafunk_ghost_grave
Spider:2: layout_spider_delve, guppyfry_spider_mini_3
Spider:3: layout_spider_delve
Spider:4: grunt_spider_rune_circles, uniq_arachne
Slime:1:  layout_caves
Orc:1:    layout_caves, enter_bailey_2
Orc:2:    st_orc_pillars, layout_caves, uniq_sonja
Vaults:1: nicolae_vaults_network_s, nicolae_vaults_arrows,
          nicolae_vaults_big_angled_halls, dpeg_vaults_waves,
          ontoclasm_vaults_pinch, v_misc_5, hangedman_vaults_stretched_pinwheel,
          nicolae_vaults_little_squares_2, v_misc_1, hangedman_vaults_locks,
          vaults_room_pool, layout_vaults_quadrants
Vaults:2: nicolae_vaults_big_ls, dpeg_vaults_monster_row,
          vaults_standard_mumra_lines, grunt_vaults_bifocal, serial_ice_b,
          ontoclasm_vaults_fault, vaults_room_door_ring, vaults_dpeg_hooks,
          vaults_room_semicircle, nicolae_vaults_rhombus_7,
          dpeg_vaults_monster_box, layout_vaults_big_room
Vaults:3: nicolae_vaults_specimen_jars, grunt_vaults_swirl, v_misc_13,
          ontoclasm_vaults_shout, hangedman_vaults_corner_blocks,
          minmay_crypt_entry_simple_statues, nicolae_vaults_circle_grid_a,
          hangedman_vaults_capsules, vaults_dpeg_ring, vaults_room_corners,
          nicolae_vaults_triangles, nicolae_vaults_sealed_display,
          ontoclasm_vaults_gateway, vaults_mumra_hex, ontoclasm_vaults_shuriken,
          layout_vaults_maze, uniq_xtahua
Vaults:4: v_alt_pattern_2, v_misc_1, v_misc_27, kennysheep_vaults_gozag_temple,
          hangedman_vaults_maws, nicolae_vaults_angled_halls, v_misc_29,
          nicolae_vaults_network_square, v_misc_19, ontoclasm_vaults_idyll,
          ontoclasm_vaults_decontamination, vaults_room_ringed_pool,
          grunt_vaults_focal, layout_vaults_omnibox, basic_altar, serial_shops,
          shop, enter_trove_2, uniq_jory
Vaults:5: uniq_mennas

Skill      XL: |  1  2  3  4  5  6  7  8  9 10 11 12 13 14 15 16 17 18 19 20 21 |
---------------+----------------------------------------------------------------+-----
Unarmed Combat | 4 6 8 11 14 15 18 21 | 21.9
Fighting       | 2 3 4 6 7 8 9 10 11 12 13 | 13.3
Transmutations | 5 10 12 | 12.7
Spellcasting   | 8 10 | 10.0
Invocations    | 7 8 |  8.8
Armour         | 2 |  2.9
Dodging        | 3 4 6 8 |  8.0
Shields        | 2 9 13 15 | 15.5
Earth Magic    | 8 10 | 10.9

Action                   |  1- 3 |  4- 6 |  7- 9 | 10-12 | 13-15 | 16-18 | 19-21 || total
-------------------------+-------+-------+-------+-------+-------+-------+-------++-------
Melee: Unarmed           |   153 |   233 |   415 |   474 |   897 |  1222 |   671 ||  4065
       Kick              |     4 |    14 |    36 |       |   157 |   311 |   211 ||   733
       Tailslap          |    15 |    27 |    43 |    55 |    99 |   131 |   100 ||   470
       Headbutt          |     1 |     1 |    18 |       |       |       |       ||    20
       Punch             |     1 |     2 |    14 |    13 |    26 |       |       ||    56
       Bite              |       |       |       |       |       |    46 |    86 ||   132
 Cast: Beastly Appendage |     3 |    10 |    21 |       |       |       |       ||    34
       Wereblood         |       |     3 |    11 |    13 |    16 |     5 |     1 ||    49
       Blade Hands       |       |       |     1 |    44 |   116 |       |       ||   161
       Statue Form       |       |       |       |       |    27 |   107 |    66 ||   200
Invok: Stomp             |       |       |       |     3 |       |    37 |     5 ||    45
       Grand Finale      |       |       |       |       |     1 |       |     1 ||     2
 Abil: Rolling Charge    |       |     6 |    24 |    28 |    59 |    74 |    20 ||   211
       Evoke Flight      |       |       |       |       |       |     1 |       ||     1
Evoke: Wand              |       |       |     1 |       |       |       |       ||     1
  Use: Scroll            |     3 |    10 |    12 |     9 |    17 |    15 |    15 ||    81
       Potion            |       |     5 |     3 |     3 |     2 |    14 |     5 ||    32
 Stab: Sleeping          |     1 |     2 |       |     1 |       |       |       ||     4
       Paralysed         |       |       |       |    37 |    69 |    90 |    72 ||   268
       Distracted        |       |       |       |       |     1 |     1 |       ||     2
       Invisible         |       |       |       |       |       |       |     3 ||     3
Armor: Robe              |    50 |    87 |    79 |   154 |   172 |       |       ||   542
       Skin              |       |     5 |     9 |    10 |   111 |  1014 |   242 ||  1391
       Leather armour    |       |       |       |    22 |    18 |    70 |    15 ||   125
Dodge: Dodged            |    77 |   115 |   178 |   211 |   500 |  1084 |   240 ||  2405
Block: Other             |       |       |    82 |    74 |    99 |       |       ||   255
       Reflection        |       |       |     3 |     1 |    44 |    50 |    93 ||   191
       Buckler           |       |       |       |       |   224 |  1208 |       ||  1432
       Tower shield      |       |       |       |       |       |   162 |   882 ||  1044
